 Dungeon Crawl Stone Soup version 0.30-a0-557-ge2afbf3030 (webtiles) character file.

Game seed: 15725573393818579274

130 Newt the Trooper (level 4, 0/37 HPs)
             Began as a Demonspawn Gladiator on Dec 27, 2022.
             Succumbed to an adder's poison
             ... on level 3 of the Dungeon.
             The game lasted 00:03:17 (2728 turns).

Newt the Trooper (Demonspawn Gladiator)             Turns: 2728, Time: 00:03:18

Health: 0/37       AC:  5    Str: 16    XL:     4   Next: 89%
Magic:  4/4        EV: 12    Int: 10    God:
Gold:   132        SH:  5    Dex: 14    Spells: 3/3 levels left

rFire   . . .      SeeInvis .    a - +0 rapier
rCold   . . .      Faith    .    (no shield)
rNeg    . . .      Spirit   .    b - +0 leather armour
rPois   .          Reflect  +    (helmet restricted)
rElec   .          Harm     .    o - scarf {shadows}
rCorr   .          Rampage  .    (no gloves)
Will    .....                    (no boots)
Stlth   ++                       h - amulet of reflection
HPRegen 0.26/turn                (no ring)
MPRegen 0.09/turn                (no ring)

@: lethally poisoned (0 -> -3)
A: antennae 1, yellow scales 1, demonic guardian 1
a: no special abilities


You were on level 3 of the Dungeon.
You visited 1 branch of the dungeon, and saw 3 of its levels.

You collected 132 gold pieces.

Inventory:

Hand Weapons
 a - a +0 rapier (weapon)
Missiles
 f - 3 atropa-tipped darts (quivered)
 i - 15 poisoned darts
Armour
 b - a +0 leather armour (worn)
 c - a +0 helmet
 o - a scarf of shadows (worn)
Jewellery
 h - an amulet of reflection (around neck)
Wands
 p - a wand of digging (2)
Scrolls
 d - 2 scrolls of identify
 j - 2 scrolls of immolation {unknown}
Potions
 k - a potion of brilliance
 l - 2 potions of degeneration
 m - a potion of curing
 n - a potion of haste {unknown}


   Skills:
 - Level 4.0 Fighting
 - Level 2.6 Short Blades
 - Level 1.7 Throwing
 + Level 0.1 Armour
 - Level 2.6 Dodging
 - Level 3.0 Stealth


You had 3 spell levels left.
You didn't know any spells.
Your spell library was empty.

Dungeon Overview and Level Annotations

Branches:
Dungeon (3/15)

Altars:
Makhleb

Annotations:
D:3 Terence


Innate Abilities, Weirdness & Mutations

You have a pair of small antennae on your head.
You are partially covered in yellow scales. (AC +2)
A weak demonic guardian rushes to your aid.


Message History

The adder poisons you! The adder bites you but does no damage.
You miss the adder.
The adder is almost dead.
You feel very sick. The adder closely misses you.
You hit the adder.
You kill the adder!
You feel sick.
Training target 4.0 for Fighting reached!
Your Fighting skill increases to level 4!
You need to enable at least one skill for training.
Throw: 5 darts (atropa)
Press: ? - help, Q - select action, (/) - cycle Shift-Dir - straight line, f - Terence
Aim: Terence, wielding a +0 flail and wearing a +0 scale mail (berserk, 64% to hit, chance to blind on hit: 100%)
You throw an atropa-tipped dart.
The atropa-tipped dart barely misses Terence.
The atropa-tipped dart closely misses the kobold.
The atropa-tipped dart hits the hobgoblin.
The hobgoblin appears confused.
You feel sick. Terence hits you with a +0 flail!
* * * LOW HITPOINT WARNING * * *
A demonic guardian appears!
You block Terence's attack.
Throw: 4 darts (atropa)
Press: ? - help, Q - select action, (/) - cycle Shift-Dir - straight line, f/p - Terence
Aim: Terence, wielding a +0 flail and wearing a +0 scale mail (berserk, ally target, 64% to hit, chance to blind on hit: 100%)
You throw an atropa-tipped dart. The atropa-tipped dart hits Terence.
Terence appears confused.
* * * LOW HITPOINT WARNING * * *
You feel sick.
The hobgoblin misses the kobold.
You swap places.
* * * LOW HITPOINT WARNING * * *
You feel sick.
The hobgoblin seems less confused.
Terence closely misses your white imp.
Terence closely misses the kobold.
Your white imp gestures at Terence.
The puff of frost hits Terence.
You see here an iguana skeleton.
* * * LOW HITPOINT WARNING * * *
You feel sick.
Terence seems less confused.
Your white imp barely misses Terence.
You die...

....# #...#
...≈..≈!.≈... .####
###.##....≈...≈....
.#######
#..#...K≈≈.≈≈....
.......#
##.#......≈......
######.#
#.#...@....b....
#.#
#.#...g.........
#.#
#.#.............
#.#
#.#######w######
######.#
#..@.÷5@Kg#
.......#
###########
########


You could see Terence (berserk, blind, ally target), a worm, a hobgoblin
(blind), a kobold and a friendly white imp (summoned).

Vanquished Creatures
  An iguana (D:3)
  4 adders
  A gnoll (D:1)
  A worm (D:3)
  A dart slug (D:1)
  5 ball pythons
  7 endoplasms
  2 giant cockroaches
  4 goblins
  2 hobgoblins
  6 jackals (D:1)
  5 kobolds
  4 quokkas
  2 bats
  4 frilled lizards
  2 rats
51 creatures vanquished.

Notes
Turn   | Place    | Note
-------+----------+-------------------------------------------
     0 | D:1      | Newt the Demonspawn Gladiator began the quest for the Orb.
     0 | D:1      | Reached XP level 1. HP: 16/16 MP: 1/1
     6 | D:1      | Noticed a polar bear
     7 | D:1      | Noticed a swamp worm
    30 | D:1      | Reached skill level 1 in Stealth
    89 | D:1      | Gained mutation: You are partially covered in yellow
                  | scales. (AC +2) [demonic ancestry]
    89 | D:1      | Reached XP level 2. HP: 22/22 MP: 2/2
   192 | D:1      | Gained mutation: You have a pair of small antennae on your
                  | head. [demonic ancestry]
   192 | D:1      | Reached XP level 3. HP: 15/27 MP: 3/3
  1303 | D:2      | Found a faded altar of an unknown god.
  1514 | D:3      | Gained mutation: A weak demonic guardian rushes to your
                  | aid. [demonic ancestry]
  1514 | D:3      | Reached XP level 4. HP: 28/34 MP: 4/4
  1586 | D:3      | Found a burning altar of Makhleb.
  1612 | D:3      | Reached skill level 3 in Fighting
  2709 | D:3      | Noticed Terence
  2724 | D:3      | Reached skill level 4 in Fighting
  2727 | D:3      | HP: 1/37 [poisoned by an adder]
  2728 | D:3      | Succumbed to an adder's poison

Illustrated notes

Levels and vault maps discovered:
D:1:      onia_arrival_zoo_common, layout_basic
D:2:      layout_basic, ebering_ecumenical_altar_mist, minmay_unequal
D:3:      layout_basic, lemuel_doored_altar, kennysheep_generic_room_2,
          uniq_terence

Skill      XL: |  1  2  3  4 |
---------------+-------------+-----
Stealth        | 1 2 3 |  3.0
Fighting       | 4 |  4.0
Short Blades   | |  2.6
Throwing       | |  1.7
Armour         | |  0.1
Dodging        | |  2.6

Action                   |  1- 3 |  4- 6 || total
-------------------------+-------+-------++-------
Melee: Rapier            |   144 |    73 ||   217
       Punch             |     2 |       ||     2
Throw: Dart              |     6 |     2 ||     8
       Throwing net      |     3 |     1 ||     4
       Javelin           |     1 |     1 ||     2
  Use: Scroll            |     4 |       ||     4
       Potion            |     2 |       ||     2
 Stab: Sleeping          |     3 |     5 ||     8
Armor: Leather armour    |    39 |    17 ||    56
Dodge: Dodged            |   101 |    31 ||   132
Block: Other             |       |     8 ||     8

Table legend: (Time is in decaauts)
 A = Elapsed time spent in this place.
 B = Non-inter-level travel time spent in this place.
 C = Inter-level travel time spent in this place.
 D = Time resting spent in this place.
 E = Time spent auto-exploring this place.
 F = Levels seen in this place.
 G = Mean time per level.
                   A        B        C        D        E       F      G
               +--------+--------+--------+--------+--------+-----+--------+
         Total |   2742 |   2706 |     36 |    510 |   1704 |   3 |  914.0 |
       Dungeon |   2742 |   2706 |     36 |    510 |   1704 |   3 |  914.0 |
               +--------+--------+--------+--------+--------+-----+--------+

Top non-repeatable levels by time:
     D:3: 1247 daAuts
     D:2: 813 daAuts
     D:1: 681 daAuts
